Map: Abyssal Reef LE

Players

Backfat - Winner!

  • Race: Terran Terran
  • League: Silver
  • Spawn Location: 5:00

Killstorm

  • Race: Terran Terran
  • Spawn Location: 11:00

VOD

Have the link to the VOD?

Description

Time

  • Played on: Jan. 7, 2018, 1:01 a.m.
  • Length: 33:34
Show
View Real Time Build Order
Export as new Build Order

Backfat Terran - Winner!

Build Orders:  

Get SALT Encoding   

  12  0:02  SCV  
  14  0:14  SCV  
  14  0:23  Supply Depot  
  14  0:26  SCV  
  15  0:39  Refinery  
  15  0:45  SCV  
  16  0:54  Barracks  
  16  0:57  SCV  
  17  1:09  SCV  
  18  1:21  SCV  
  19  1:33  SCV  
  20  1:50  Factory  
  20  1:53  Marine  
  21  1:56  Barracks  
  21  2:02  Refinery, SCV  
  22  2:11  Marine  
  23  2:36  Command Center  
  23  2:38  Supply Depot  
  23  2:40  Supply Depot  
  23  2:55  Barracks Tech Lab  
  23  3:00  Marine, SCV  
  23  3:05  Supply Depot  
  25  3:12  SCV  
  26  3:15  Combat Shields  
  26  3:18  Marine  
  27  3:20  Engineering Bay  
  27  3:24  SCV  
  26  4:06  Starport  
  26  4:07  Terran Infantry Weapons Level 1  
  26  4:13  Marauder  
  26  4:15  Factory Tech Lab, Barracks Reactor  
  28  4:30  SCV  
  29  4:34  Marauder  
  29  4:37  Liberator  
  31  4:42  SCV  
  32  4:54  SCV  
  32  4:56  Marauder  
  38  5:06  Marine x2, SCV  
  41  5:17  Marauder  
  41  5:18  Siege Tank, SCV  
  47  5:24  Marine x2  
  47  5:28  Supply Depot  
  49  5:30  SCV  
  49  5:31  Concussive Shells  
  50  5:42  SCV  
  49  6:18  SCV  
  50  6:21  SCV  
  50  6:24  Cyclone  
  55  6:27  Marauder  
  55  6:28  Marine x2  
  55  6:30  SCV  
  59  6:33  SCV  
  60  6:42  SCV  
  60  6:46  Marine  
  60  6:47  Supply Depot x2  
  62  6:49  Marauder  
  64  6:54  SCV  
  64  6:55  Marine  
  64  6:56  Cyclone  
  69  7:04  Marine  
  69  7:08  Starport Reactor, SCV  
  71  7:10  Marauder  
  71  7:13  Marine  
  74  7:20  SCV  
  74  7:22  Marine  
  76  7:31  Marauder, Marine  
  76  7:32  SCV  
  77  7:41  Marine, Siege Tank  
  81  7:44  SCV  
  81  7:49  Marine  
  81  7:50  Refinery  
  83  7:53  Marauder  
  83  7:57  Refinery  
  85  7:59  Marine  
  86  8:12  Supply Depot  
  86  8:13  Supply Depot  
  86  8:23  Terran Infantry Armor Level 1  
  86  8:31  Marauder  
  86  8:32  Marine  
  86  8:33  Siege Tank, Marine  
  85  8:50  Marine  
  85  8:51  Marine  
  78  9:08  Marine  
  78  9:09  Marine  
  23  15:01  Command Center, Barracks Reactor  
  23  15:14  Supply Depot  
  23  15:56  Supply Depot  
  23  16:17  Marine x2  
  23  16:18  SCV  
  26  16:30  SCV  
  27  16:35  Supply Depot, Marine x2  
  29  16:42  SCV  
  30  16:53  Marine  
  31  16:56  Marine, SCV  
  33  17:08  SCV  
  33  17:11  Marine  
  33  17:14  Marine  
  35  17:20  SCV  
  36  17:29  Marine  
  37  17:31  Marine  
  38  18:05  Marine  
  39  18:12  Supply Depot  
  39  18:34  Marine x2, SCV  
  42  18:44  Factory  
  42  18:46  SCV  
  43  18:52  Marine  
  44  18:58  SCV  
  45  19:10  SCV  
  46  19:17  Marine  
  47  19:29  Supply Depot  
  47  19:36  Marine, SCV  
  47  19:49  Starport  
  47  19:50  Marine, SCV  
  49  19:54  Marine  
  50  20:03  SCV  
  51  20:08  Marine  
  51  20:12  Marine  
  53  20:15  SCV  
  54  20:26  Marine  
  55  20:34  Supply Depot  
  55  20:40  Starport Reactor  
  55  20:48  Refinery  
  55  20:51  Refinery  
  55  20:55  SCV  
  56  21:07  SCV  
  57  21:19  SCV  
  57  21:22  Viking x2  
  62  21:31  SCV  
  63  21:49  Supply Depot  
  63  22:10  Marine x2, SCV  
  63  22:11  Viking x2  
  55  23:22  Command Center  
  55  23:38  Marine x2  
  55  23:56  Marine x2  
  57  24:12  Supply Depot  
  57  24:13  Marine  
  57  24:14  Marine  
  59  24:31  Marine x2  
  61  24:49  Marine x2  
  60  25:07  Marine x2  
  48  25:33  Liberator x2  
  46  28:32  Marine x2  
  48  28:49  Marine  
  48  28:50  Marine  
  48  28:54  SCV  
  51  29:07  Marine x2, SCV  
  54  29:19  SCV  
  55  29:25  Marine x2  
  55  29:31  SCV  
  52  29:43  SCV  
  35  29:55  SCV  
  36  30:07  SCV  
  37  30:19  SCV  
  38  30:31  SCV  
  39  30:43  SCV  
  40  30:55  SCV  
  41  31:07  SCV  
  42  31:14  Starport  
  42  31:20  SCV  
  43  31:32  SCV  
  44  31:44  SCV  
  45  32:31  Starport Tech Lab  
  45  32:55  Marine x2  
  47  33:12  Marine  
  47  33:13  Marine  
Show
View Real Time Build Order
Export as new Build Order

Killstorm Terran 

Build Orders:  

Get SALT Encoding   

  12  0:31  Supply Depot  
  12  0:35  SCV  
  13  0:41  Refinery  
  13  0:50  SCV  
  13  0:51  Supply Depot  
  14  1:03  SCV  
  15  1:17  Barracks, SCV  
  16  1:28  Supply Depot  
  16  1:29  SCV  
  17  1:43  SCV  
  18  2:01  Barracks  
  18  2:05  Reaper  
  19  2:10  Orbital Command  
  19  2:37  Reaper  
  19  2:42  Factory  
  20  2:54  Barracks Tech Lab  
  20  3:04  Refinery  
  20  3:10  Barracks Reactor  
  20  3:24  Marine  
  20  3:26  SCV  
  22  3:41  Marine  
  22  3:47  Reaper  
  22  3:48  Reaper  
  23  3:50  Factory Tech Lab  
  23  4:06  Command Center  
  23  4:11  Starport  
  23  4:20  Reaper  
  24  4:27  Marine  
  24  4:30  Marine  
  26  4:43  Siege Tank  
  29  4:48  Marine x2  
  29  4:52  Marine  
  32  5:03  SCV  
  33  5:11  Supply Depot  
  33  5:15  SCV  
  34  5:23  SCV  
  34  5:25  Marine x2  
  34  5:27  Marine  
  34  5:28  SCV  
  39  5:29  Siege Tank  
  39  5:33  Medivac  
  45  5:35  SCV  
  45  5:43  Marine x2  
  45  5:45  Marine  
  45  5:47  SCV  
  46  5:59  SCV  
  46  6:00  Marine  
  47  6:08  Marine  
  47  6:11  Stimpack  
  43  6:20  Siege Tank  
  43  6:21  SCV  
  43  6:22  Marine  
  43  6:23  Marine  
  49  6:26  Marine  
  49  6:27  Refinery  
  50  6:33  Engineering Bay  
  50  6:34  SCV  
  51  6:46  SCV  
  51  6:53  Siege Tank  
  54  6:54  Marine x2  
  54  6:58  SCV  
  54  7:00  Medivac  
  59  7:03  Marine  
  60  7:12  Marine x2  
  62  7:18  Sensor Tower  
  62  7:23  Marine, SCV  
  60  7:30  Marine  
  60  7:35  SCV  
  59  7:41  Missile Turret  
  59  7:53  Supply Depot  
  59  7:57  Supply Depot  
  59  8:32  Marine  
  60  8:50  Marine  
  32  9:51  Marine x2  
  34  9:54  Siege Tank  
  37  10:08  Marine  
  37  10:09  Marine  
  39  10:26  Marine, Siege Tank  
  39  10:27  Marine  
  38  11:36  Command Center  
  10  13:02  Command Center  
  10  14:16  Command Center  
  10  14:22  SCV  
  11  14:31  Command Center  
  11  14:35  SCV  
  12  14:47  SCV  
  13  14:59  SCV  
  14  15:10  Supply Depot  
  14  15:13  Supply Depot  
  14  15:44  SCV  
  15  15:51  Refinery, SCV  
  16  16:01  Barracks  
  16  16:03  SCV  
  17  16:08  Barracks  
  17  16:20  SCV  
  18  16:32  SCV  
  19  16:41  Barracks  
  19  16:45  SCV  
  20  16:57  SCV  
  19  17:18  SCV  
  19  17:21  Barracks Reactor  
  20  17:30  SCV  
  17  17:59  SCV  
  18  18:06  Marine x2  
  18  18:09  Barracks  
  18  18:11  SCV  
  21  18:23  SCV  
  21  18:24  Marine x2  
  24  18:42  Marine x2  
  21  18:54  Factory  
  21  18:57  SCV  
  21  18:59  Refinery, Marine  
  21  19:00  Marine  
  24  19:09  SCV  
  25  19:18  Barracks Reactor  
  25  19:19  Marine x2  
  25  19:21  SCV  
  27  19:37  Marine x2  
  29  19:50  Factory Tech Lab  
  29  19:54  Marine  
  29  19:55  Marine  
  31  20:20  Command Center  
  31  20:24  Supply Depot  
  31  20:25  Supply Depot  
  31  20:45  Marine x4, SCV  
  31  20:47  Engineering Bay  
  36  20:54  Siege Tank  
  39  20:57  SCV  
  39  21:03  Marine x2  
  42  21:09  SCV  
  43  21:26  Siege Tank  
  46  21:44  SCV  
  47  21:47  Barracks  
  47  21:53  Refinery  
  47  21:56  SCV  
  47  21:58  SCV  
  49  22:02  Marine x3  
  49  22:03  Marine  
  49  22:08  SCV  
  54  22:10  SCV  
  55  22:31  Starport, Orbital Command  
  44  23:17  Starport Reactor  
  44  23:20  Terran Infantry Weapons Level 1  
  44  23:24  Marine x2  
  44  23:26  Siege Tank  
  49  23:27  Marine  
  49  23:28  Marine  
  49  23:30  SCV  
  52  23:34  SCV  
  52  23:41  Barracks Tech Lab  
  53  23:46  SCV  
  53  23:47  Marine x3  
  57  23:59  SCV  
  57  24:01  Marine  
  59  24:05  Marine  
  59  24:07  Combat Shields  
  59  24:09  Medivac  
  62  24:27  Supply Depot  
  62  24:28  Medivac, Planetary Fortress  
  62  24:29  Supply Depot  
  62  24:30  Supply Depot  
  64  24:41  Missile Turret  
  50  25:11  Marine x2  
  37  25:19  Medivac  
  37  25:21  Marine  
  16  25:39  Marine  
  16  25:56  Marine  
  11  26:14  Marine, SCV  
  12  26:27  SCV  
  12  26:32  Marine  
  5  27:25  Command Center  
  3  28:43  SCV  
  4  28:51  Command Center  
  4  28:55  SCV  
  5  29:06  Command Center  
  5  29:07  SCV  
  6  29:19  SCV  
  2  30:04  SCV  
  3  30:16  SCV  
  4  30:28  SCV  
  5  30:33  Supply Depot  
  5  30:40  SCV  
  6  30:52  SCV  
  6  30:55  SCV  
  8  31:07  SCV  
  9  31:16  SCV  
  10  31:19  SCV  
  11  31:26  Refinery  
  11  31:28  SCV  
  11  31:31  SCV  
  13  31:35  Refinery  
  13  31:40  SCV  
  13  31:43  SCV  
  13  31:46  Barracks  
  15  31:52  SCV  
  12  31:55  Barracks  
  7  32:45  Marine  
  8  33:03  Marine  
Tags
 
League
Silver
Matchup
TvT
Race
Terran
Spawn Locations
Cross Positions
Add a new tag
Caveats
  • Supply blocks, unpowered buildings, or Contaminate may cause inaccurate times.
  • Supply counts are checked every 10 seconds.